[Event "Kragero Resort International 2022"]
[Site "Kragero"]
[Date "2022.02.24"]
[Round "4.10"]
[White "Osmak, Yuliia"]
[Black "Lie, Kjetil A."]
[Result "0-1"]
[ECO "A70"]
[WhiteElo "2432"]
[BlackElo "2520"]
[Annotator "RC"]
[PlyCount "106"]
[EventDate "2022.02.23"]
[EventType "swiss"]
[EventCountry "NOR"]
[SourceTitle "playchess.com"]
[Source "ChessBase"]
[SourceQuality "1"]
[TimeControl "5400+30"]

1. d4 Nf6 2. c4 e6 3. Nf3 c5 4. d5 d6 5. Nc3 exd5 6. cxd5 g6 7. e4 a6 8. a4 Bg4 9. h3 Bxf3 10. Qxf3 Bg7 11. Be2 O-O 12. O-O Nbd7 13. Qg3 Qe7 14. Bf3 Rab8 15. Bf4 Ne8 16. a5 b5 17. axb6 Rxb6 18. Ra2 Ne5 19. Be2 Qb7 20. Bc1 Nc7 21. f4 Nd7 22. Bg4 f5 23. exf5 gxf5 24. Bf3 Qc8 25. Re1 Re8 26. Kh2 Nf6 27. Bd2 Qd7 28. Qf2 Rxe1 29. Qxe1 Qf7 30. Qe2 Rb4 31. Nd1 Rb8 32. Ne3 Re8 33. Qd1 Qg6 34. Ra4 Ne4 35. Bxe4 fxe4 36. Bc3 Bxc3 37. bxc3 Qf6 38. Qg4+ Kh8 39. Qf5 Qxf5 40. Nxf5 e3 41. Ra1 e2 42. Re1 Nxd5 43. Nxd6 Re6 44. Nf7+ Kg7 45. Ng5 Re3 46. f5 Nf4 47. Ne6+ Nxe6 48. fxe6 a5 49. Kg1 a4 50. Kf2 Rxe6 51. Ra1 e1=Q+ 52. Rxe1 Rxe1 53. Kxe1 a3 0-1

[Event "Kragero Resort International 2022"]
[Site "Kragero"]
[Date "2022.02.24"]
[Round "4.13"]
[White "Kvaloy, Aksel Bu"]
[Black "Gharibyan, Mamikon"]
[Result "0-1"]
[ECO "B31"]
[WhiteElo "2280"]
[BlackElo "2479"]
[Annotator "RC"]
[PlyCount "76"]
[EventDate "2022.02.23"]
[EventType "swiss"]
[EventCountry "NOR"]
[SourceTitle "playchess.com"]
[Source "ChessBase"]
[SourceQuality "1"]
[TimeControl "5400+30"]

1. e4 c5 2. Nf3 Nc6 3. Bb5 g6 4. O-O Bg7 5. c3 Nf6 6. Re1 Qb6 7. Bxc6 bxc6 8. d4 d5 9. e5 Ne4 10. b3 O-O 11. Ba3 Bg4 12. h3 Bxf3 13. gxf3 Ng5 14. Bxc5 Qc7 15. h4 Nh3+ 16. Kh2 Nf4 17. Qd2 Bh6 18. Rg1 f6 19. Qe3 fxe5 20. Qxe5 Qd7 21. Rg4 Nd3 22. Qe2 Qf5 23. Nd2 Nxf2 24. Rg2 Nd3 25. Rg4 Rf6 26. Nf1 Re6 27. Qg2 Ne1 28. Ng3 Qxg4 29. fxg4 Nxg2 30. Kxg2 Bd2 31. c4 a5 32. cxd5 cxd5 33. a3 Be1 34. Rb1 Re3 35. Nf1 Re2+ 36. Kf3 Rf2+ 37. Ke3 Raf8 38. Rxe1 R8f3# 0-1

[Event "Kragero Resort International 2022"]
[Site "Kragero"]
[Date "2022.02.24"]
[Round "4.14"]
[White "Grave, Jacob Templen"]
[Black "Injac, Teodora"]
[Result "0-1"]
[ECO "E16"]
[WhiteElo "2267"]
[BlackElo "2407"]
[Annotator "NA RC"]
[PlyCount "82"]
[EventDate "2022.02.23"]
[EventType "swiss"]
[EventCountry "NOR"]
[SourceTitle "playchess.com"]
[Source "ChessBase"]
[SourceQuality "1"]
[TimeControl "5400+30"]

1. d4 Nf6 2. c4 e6 3. g3 d5 4. Bg2 Bb4+ 5. Nd2 O-O 6. Ngf3 b6 7. O-O Bb7 8. cxd5 exd5 9. a3 Bd6 10. b4 a5 11. b5 c6 12. Qa4 cxb5 13. Qxb5 Ba6 14. Qb2 Bxe2 15. Re1 Ba6 16. Ne5 Nbd7 $11 17. Nf1 Bxe5 18. dxe5 Ne4 19. Be3 Rc8 20. Bd4 Ndc5 21. Red1 Na4 22. Qb3 Nec3 23. Bxc3 Nxc3 24. Rd2 Qc7 25. Re1 Rfe8 26. f4 d4 27. Kh1 Qc5 28. Rb2 Rb8 29. Nd2 Bc8 30. Ne4 Nxe4 31. Bxe4 Be6 32. Qd3 Bc4 33. Qf3 Rbd8 34. Rd1 b5 35. Rbd2 g6 36. Qf2 Bb3 37. Bc2 Bxc2 38. Rxc2 Qxa3 39. Rc7 Qe3 40. Qf1 Qe4+ 41. Kg1 d3 0-1

[Event "Kragero Resort International 2022"]
[Site "Kragero"]
[Date "2022.02.24"]
[Round "4.15"]
[White "Reimanis, Ritvars"]
[Black "Radeva, Viktoria"]
[Result "1/2-1/2"]
[ECO "E11"]
[WhiteElo "2397"]
[BlackElo "2261"]
[Annotator "RC"]
[PlyCount "60"]
[EventDate "2022.02.23"]
[EventType "swiss"]
[EventCountry "NOR"]
[SourceTitle "playchess.com"]
[Source "ChessBase"]
[SourceQuality "1"]
[TimeControl "5400+30"]

1. d4 Nf6 2. Nf3 e6 3. c4 Bb4+ 4. Bd2 Qe7 5. g3 Nc6 6. Bg2 Bxd2+ 7. Nbxd2 d6 8. e4 e5 9. d5 Nb8 10. O-O a5 11. Ne1 O-O 12. Nd3 Bg4 13. f3 Bd7 14. f4 exf4 15. gxf4 Na6 16. Qf3 Bg4 17. Qf2 Bc8 18. a3 a4 19. Rae1 Nd7 20. Qd4 Ndc5 21. Re3 Nxd3 22. Rxd3 Bd7 23. Rg3 f6 24. Re1 Rfe8 25. Nf3 Qf8 26. e5 fxe5 27. fxe5 dxe5 28. Nxe5 Qc5 29. Qxc5 Nxc5 30. Rge3 Bf5 1/2-1/2

[Event "Kragero Resort International 2022"]
[Site "Kragero"]
[Date "2022.02.24"]
[Round "4.16"]
[White "Thorhallsson, Simon"]
[Black "Mikalsen, Erlend"]
[Result "1/2-1/2"]
[ECO "B62"]
[WhiteElo "2245"]
[BlackElo "2368"]
[Annotator "RC"]
[PlyCount "63"]
[EventDate "2022.02.23"]
[EventType "swiss"]
[EventCountry "NOR"]
[SourceTitle "playchess.com"]
[Source "ChessBase"]
[SourceQuality "1"]
[TimeControl "5400+30"]

1. e4 c5 2. Nf3 d6 3. d4 cxd4 4. Nxd4 Nf6 5. Nc3 Nc6 6. Bg5 e6 7. Qd3 Bd7 8. O-O-O a6 9. Be2 Be7 10. Kb1 b5 11. Nxc6 Bxc6 12. Bf3 Qb6 13. e5 dxe5 14. Bxc6+ Qxc6 15. Bxf6 Bxf6 16. Ne4 Be7 17. Rhe1 Rd8 18. Qf3 Rc8 19. c3 f5 20. Nd2 e4 21. Qe2 O-O 22. f3 Bd6 23. fxe4 Bxh2 24. exf5 exf5 25. Nf3 Bg3 26. Nd4 Qb7 27. Qe6+ Kh8 28. Re2 Rf6 29. Qe8+ Rf8 30. Qe6 Rf6 31. Qe8+ Rf8 32. Qe6 1/2-1/2

[Event "Kragero Resort International 2022"]
[Site "Kragero"]
[Date "2022.02.24"]
[Round "4.17"]
[White "Gjestemoen-VonHirsch, Andre"]
[Black "Kanyamarala, Tarun"]
[Result "1/2-1/2"]
[ECO "B33"]
[WhiteElo "2243"]
[BlackElo "2343"]
[Annotator "NA RC"]
[PlyCount "135"]
[EventDate "2022.02.23"]
[EventType "swiss"]
[EventCountry "NOR"]
[SourceTitle "playchess.com"]
[Source "ChessBase"]
[SourceQuality "1"]
[TimeControl "5400+30"]

1. e4 c5 2. Nf3 Nc6 3. d4 cxd4 4. Nxd4 Nf6 5. Nc3 e5 6. Ndb5 d6 7. Bg5 a6 8. Na3 b5 9. Nd5 Be7 10. Bxf6 Bxf6 11. c3 O-O 12. Nc2 Bg5 13. a4 bxa4 14. Rxa4 Ne7 15. Ncb4 a5 16. Nxe7+ Qxe7 17. Nd5 Qb7 18. b3 Bd7 $11 19. Ra2 Rfc8 20. Bc4 a4 21. O-O Be6 22. Qc2 axb3 23. Bxb3 Rab8 24. Ra3 g6 25. Rd1 Qb5 26. Nb4 Qc5 27. Bxe6 fxe6 28. Qd3 Be7 29. Qh3 Qc4 30. Ra7 Re8 31. Nc2 Kh8 32. Ne3 Qxe4 33. Qxe6 Rb1 34. Rxb1 Qxb1+ 35. Nf1 Qf5 36. Qxf5 gxf5 37. Ne3 f4 38. Nd5 Rb8 39. g3 Bg5 40. h4 Bh6 41. g4 Bg7 42. g5 e4 43. Kg2 Be5 44. Ra4 f3+ 45. Kh3 Rb2 46. Rxe4 Rxf2 47. Kg4 Rd2 48. Ne3 f2 49. Kf3 Rd3 50. Kxf2 Rxc3 51. Kf3 Rd3 52. Kg4 Rd4 53. Rxd4 Bxd4 54. Nd5 Kg7 55. h5 Kf7 56. Kf5 Be5 57. Ne3 Bd4 58. Nd5 Be5 59. Nb6 Bd4 60. Nc4 Bc5 61. g6+ hxg6+ 62. hxg6+ Kg7 63. Nb2 Bd4 64. Nd3 Be5 65. Nb4 Kg8 66. Nd5 Kg7 67. Kg5 Bd4 68. Kf5 1/2-1/2

[Event "Kragero Resort International 2022"]
[Site "Kragero"]
[Date "2022.02.24"]
[Round "4.18"]
[White "Alinasab, Mobina"]
[Black "Lye, Sverre"]
[Result "1-0"]
[ECO "B31"]
[WhiteElo "2325"]
[BlackElo "1917"]
[Annotator "NA RC"]
[PlyCount "67"]
[EventDate "2022.02.23"]
[EventType "swiss"]
[EventCountry "NOR"]
[SourceTitle "playchess.com"]
[Source "ChessBase"]
[SourceQuality "1"]
[TimeControl "5400+30"]

1. e4 c5 2. Nf3 Nc6 3. Bb5 g6 4. Bxc6 dxc6 5. d3 Bg7 6. h3 Qc7 7. O-O e5 8. Be3 b6 9. Nc3 Nf6 10. Qd2 O-O 11. Nh2 Nh5 12. Ne2 Be6 13. g4 Nf6 14. f4 exf4 15. Bxf4 Qd7 16. Bh6 Ne8 17. Bxg7 Nxg7 18. Rf6 Ne8 19. Rf2 Nd6 20. Qg5 Nb5 21. e5 c4 22. Rd1 Qd8 23. Qh6 Qe7 24. d4 f6 25. Qh4 Bd5 26. exf6 Qe4 27. Ng3 Qe3 28. Nhf1 Qe6 29. g5 Nd6 30. Re2 Qc8 31. Re7 Rf7 32. Rde1 Nf5 33. Nxf5 Qxf5 34. Rxf7 1-0

[Event "Kragero Resort International 2022"]
[Site "Kragero"]
[Date "2022.02.24"]
[Round "4.19"]
[White "Blokhin, Sofia"]
[Black "Sjoberg, Isak"]
[Result "1/2-1/2"]
[ECO "C55"]
[WhiteElo "2059"]
[BlackElo "2322"]
[Annotator "NA RC"]
[PlyCount "102"]
[EventDate "2022.02.23"]
[EventType "swiss"]
[EventCountry "NOR"]
[SourceTitle "playchess.com"]
[Source "ChessBase"]
[SourceQuality "1"]
[TimeControl "5400+30"]

1. e4 e5 2. Bc4 Nf6 3. d3 Nc6 4. Nf3 Be7 5. O-O O-O 6. a4 d6 7. h3 Kh8 8. Nc3 Ng8 9. Nd5 f5 10. Nxe7 Qxe7 11. Bg5 Qe8 12. exf5 Bxf5 13. Nh4 Be6 14. Bxe6 Qxe6 15. Qg4 Qxg4 16. hxg4 Nd4 17. c3 Ne6 18. Be3 Nf6 19. f3 Nd5 20. Bf2 Ne7 21. d4 g5 22. Nf5 Nxf5 23. gxf5 Rxf5 24. dxe5 Rxe5 25. Rfe1 Kg7 26. Rxe5 dxe5 27. Rd1 Nf8 28. Bc5 Kf6 29. Bxf8 Rxf8 30. g4 Ke6 31. Kg2 Rf4 32. b4 Rc4 33. Rh1 Rxc3 34. Rxh7 Rc4 35. b5 Kd6 36. Rg7 e4 37. fxe4 Rxa4 38. Kf3 Ra3+ 39. Kf2 Ra2+ 40. Kf3 Ra3+ 41. Kf2 Ke5 42. Rxg5+ Kxe4 43. Rc5 Rb3 44. g5 Rf3+ 45. Ke2 Re3+ 46. Kf2 Rf3+ 47. Ke2 Rf5 48. Rxc7 Rxg5 49. Rxb7 Rg2+ 50. Kf1 Ra2 51. b6 axb6 1/2-1/2

[Event "Kragero Resort International 2022"]
[Site "Kragero"]
[Date "2022.02.24"]
[Round "4.20"]
[White "Fischer, Daniel"]
[Black "Jalving, August"]
[Result "1-0"]
[ECO "B12"]
[WhiteElo "2340"]
[BlackElo "1876"]
[Annotator "RC"]
[PlyCount "117"]
[EventDate "2022.02.23"]
[EventType "swiss"]
[EventCountry "NOR"]
[SourceTitle "playchess.com"]
[Source "ChessBase"]
[SourceQuality "1"]
[TimeControl "5400+30"]

1. e4 c6 2. d4 d5 3. e5 c5 4. dxc5 Nc6 5. Nf3 Bg4 6. c3 e6 7. Be3 Bxf3 8. Qxf3 Nxe5 9. Bb5+ Nc6 10. O-O Nf6 11. c4 Qc7 12. Nc3 dxc4 13. Bxc4 a6 14. Rac1 Be7 15. Qe2 O-O 16. a3 a5 17. Rfd1 Qe5 18. f4 Qf5 19. Bd3 Qg4 20. h3 Qxe2 21. Bxe2 Rfd8 22. Bf3 Rxd1+ 23. Rxd1 Rd8 24. Rxd8+ Bxd8 25. Kf2 Be7 26. Ke2 Kf8 27. Kd3 Ke8 28. Kc4 Kd7 29. Na4 Nd5 30. Bxd5 exd5+ 31. Kxd5 Bf6 32. Kc4 Bd8 33. Nc3 Ne7 34. Ne4 Kc6 35. b4 axb4 36. axb4 Nf5 37. Bf2 Bc7 38. g4 Ne7 39. f5 f6 40. Bd4 h5 41. b5+ Kd7 42. Bxf6 hxg4 43. Bxe7 Kxe7 44. hxg4 Kd7 45. Kd5 Bf4 46. c6+ bxc6+ 47. bxc6+ Ke7 48. Kc5 Bc7 49. Kb5 Bf4 50. Kb6 Kd8 51. Kb7 Be5 52. Ng5 Ke7 53. Nf3 Bf4 54. c7 Bxc7 55. Kxc7 g6 56. fxg6 Kf6 57. Nh4 Ke7 58. g7 Kf7 59. Nf5 1-0

[Event "Kragero Resort International 2022"]
[Site "Kragero"]
[Date "2022.02.24"]
[Round "4.21"]
[White "Ptacnikova, Lenka"]
[Black "Sagafos, Magne"]
[Result "1/2-1/2"]
[ECO "B04"]
[WhiteElo "2173"]
[BlackElo "2386"]
[Annotator "RC"]
[PlyCount "175"]
[EventDate "2022.02.23"]
[EventType "swiss"]
[EventCountry "NOR"]
[SourceTitle "playchess.com"]
[Source "ChessBase"]
[SourceQuality "1"]
[TimeControl "5400+30"]

1. e4 Nf6 2. e5 Nd5 3. d4 d6 4. Nf3 dxe5 5. Nxe5 g6 6. Bc4 c6 7. O-O Bg7 8. Re1 O-O 9. Bb3 Be6 10. Nd2 a5 11. c3 Nc7 12. Bxe6 Nxe6 13. Qb3 Qc8 14. a4 Nf4 15. Ndc4 Nd5 16. Nd3 Nd7 17. Bg5 e6 18. Bh4 b6 19. Bg3 Qa6 20. Rad1 Rfd8 21. h3 b5 22. Nd6 Bf8 23. Ne4 Qb6 24. Ra1 Ra7 25. Bd6 Bxd6 26. Nxd6 bxa4 27. Qxa4 c5 28. Nb5 Raa8 29. c4 Nc7 30. dxc5 Nxc5 31. Nxc5 Qxc5 32. Red1 Nxb5 33. cxb5 Rdb8 34. b4 Qxb5 35. Rd8+ Rxd8 36. Qxb5 axb4 37. Rxa8 Rxa8 38. Qxb4 h5 39. Kh2 Rd8 40. Kg3 Rd5 41. h4 Rf5 42. f3 Kg7 43. Qd4+ Kg8 44. Kf2 Rd5 45. Qc3 Rf5 46. Ke3 Rb5 47. Ke4 Rd5 48. Qc6 Kg7 49. Qc3+ Kg8 50. Qf6 Rf5 51. Qd8+ Kg7 52. Qd4+ Kg8 53. g4 Rd5 54. Qb2 Kh7 55. g5 Rf5 56. Qb7 Kg8 57. Qd7 Kg7 58. Qd8 Rb5 59. Qf6+ Kg8 60. Qc3 Rd5 61. Qc6 Rf5 62. Qb7 Kg7 63. Qa8 Rb5 64. Qa1+ Kg8 65. Qd4 Rf5 66. Qa4 Kg7 67. Qa6 Kg8 68. f4 Kg7 69. Qa1+ Kg8 70. Qb2 Rd5 71. Qb7 Rf5 72. Ke3 Kg7 73. Qb2+ Kg8 74. Qb1 Kg7 75. Qe4 Kg8 76. Kd3 Kg7 77. Kc4 Kg8 78. Qd4 Kh7 79. Qd6 Kg8 80. Qb8+ Kg7 81. Kd4 Rd5+ 82. Ke3 Rf5 83. Ke4 Rd5 84. Qe8 Rf5 85. Qa8 Rb5 86. Kd4 Rf5 87. Qb8 Rd5+ 88. Ke4 1/2-1/2

[Event "Kragero Resort International 2022"]
[Site "Kragero"]
[Date "2022.02.24"]
[Round "4.22"]
[White "Austad, Eirik Strom"]
[Black "Kenneskog, Theodor"]
[Result "1/2-1/2"]
[ECO "B51"]
[WhiteElo "2055"]
[BlackElo "2344"]
[Annotator "NA RC"]
[PlyCount "70"]
[EventDate "2022.02.23"]
[EventType "swiss"]
[EventCountry "NOR"]
[SourceTitle "playchess.com"]
[Source "ChessBase"]
[SourceQuality "1"]
[TimeControl "5400+30"]

1. e4 c5 2. Nf3 d6 3. Bb5+ Nd7 4. a4 Ngf6 5. Nc3 g6 6. a5 Bg7 7. a6 O-O 8. O-O e5 9. d3 Nb6 10. Bg5 h6 11. Bxf6 Qxf6 12. Nd2 Qe7 13. Nc4 $16 Nxc4 14. Bxc4 b6 15. Nd5 Qd8 16. c3 Kh7 17. Qe2 f5 18. f4 Rb8 19. exf5 gxf5 20. Ne3 b5 21. Bd5 b4 22. Qc2 Kh8 23. g3 bxc3 24. bxc3 Qf6 25. Bc4 Be6 26. Nd5 Qf7 27. Qg2 Kh7 28. Kh1 exf4 29. gxf4 Rg8 30. Qf3 Rb2 31. Rab1 Rgb8 32. Rxb2 Rxb2 33. Rc1 Qd7 34. Re1 Qf7 35. Rc1 Bxd5 1/2-1/2

[Event "Kragero Resort International 2022"]
[Site "Kragero"]
[Date "2022.02.24"]
[Round "4.23"]
[White "Stanford, Maxim Barth"]
[Black "Kanyamarala, Trisha"]
[Result "1-0"]
[ECO "D01"]
[WhiteElo "2339"]
[BlackElo "2166"]
[Annotator "RC"]
[PlyCount "141"]
[EventDate "2022.02.23"]
[EventType "swiss"]
[EventCountry "NOR"]
[SourceTitle "playchess.com"]
[Source "ChessBase"]
[SourceQuality "1"]
[TimeControl "5400+30"]

1. d4 Nf6 2. Nc3 d5 3. Bg5 g6 4. Qd2 h6 5. Bxf6 exf6 6. g3 Bg7 7. Bg2 c6 8. e3 Nd7 9. Nge2 O-O 10. O-O f5 11. b4 Nb6 12. b5 Nc4 13. Qc1 Be6 14. a4 Rc8 15. Rd1 Qa5 16. Rd3 Rfd8 17. Nf4 Bf8 18. Nce2 Nd6 19. Rb3 Qc7 20. c3 Bd7 21. bxc6 bxc6 22. Nd3 Nc4 23. Qd1 Rb8 24. Nec1 Na5 25. Rbb1 Bc8 26. Ne5 Ba6 27. Bf1 Bxf1 28. Qxf1 Bd6 29. Ncd3 c5 30. Nf3 c4 31. Nf4 Bxf4 32. gxf4 Rb3 33. Qh3 Kg7 34. Kh1 Rxc3 35. Rg1 Qd7 36. Rg3 Nc6 37. Rag1 Qe6 38. Qg2 Kf8 39. h4 h5 40. Ng5 Qe7 41. Kh2 Rd6 42. Kh3 Rb3 43. Qf1 Nb4 44. Nf3 Nd3 45. Ne5 Nxe5 46. fxe5 Rc6 47. Qd1 Qb7 48. Qf3 Re6 49. Qf4 Ke7 50. Qg5+ Kd7 51. Qh6 Qb8 52. Qg7 Ke8 53. Rc1 Ke7 54. Qh6 Qf8 55. Qf4 Qc8 56. f3 Reb6 57. Qg5+ Ke8 58. f4 Rb2 59. a5 Re6 60. Qh6 Qb8 61. Qg7 Ke7 62. e4 fxe4 63. f5 Rc6 64. e6 Qf8 65. f6+ Ke8 66. e7 Qxg7 67. fxg7 Rf6 68. g8=Q+ Kxe7 69. Rcg1 Rb5 70. Rg5 c3 71. Re5+ 1-0

[Event "Kragero Resort International 2022"]
[Site "Kragero"]
[Date "2022.02.24"]
[Round "4.24"]
[White "Ingebretsen, Jens E"]
[Black "Bjorgvinsson, Andri Freyr"]
[Result "1-0"]
[ECO "B47"]
[WhiteElo "2316"]
[BlackElo "2096"]
[Annotator "RC"]
[PlyCount "87"]
[EventDate "2022.02.23"]
[EventType "swiss"]
[EventCountry "NOR"]
[SourceTitle "playchess.com"]
[Source "ChessBase"]
[SourceQuality "1"]
[TimeControl "5400+30"]

1. e4 c5 2. Nf3 e6 3. d4 cxd4 4. Nxd4 Nc6 5. Nc3 Qc7 6. g3 a6 7. Bg2 Nf6 8. O-O Nxd4 9. Qxd4 Bc5 10. Bf4 d6 11. Qd2 h6 12. Rad1 e5 13. Be3 Bb4 14. Nb5 axb5 15. Qxb4 Rxa2 16. Rxd6 O-O 17. Rd2 Be6 18. Rfd1 Ng4 19. Bc5 Rc8 20. Bd6 Qb6 21. Bf1 Nxf2 22. Rxf2 Rxc2 23. Rdd2 Raxb2 24. Bc5 Qc6 25. Rxc2 Rxb4 26. Bxb4 Qxe4 27. Bc5 Bc4 28. Rc1 Qd5 29. Be3 Qe4 30. Re1 Qc6 31. Bg2 e4 32. Rd1 Qe6 33. Rd4 Bd3 34. h4 b4 35. Kh2 b3 36. Rd8+ Kh7 37. Bh3 Qe7 38. Rd7 Qe8 39. Rfxf7 Qxf7 40. Rxf7 b2 41. Bd4 b1=Q 42. Rxg7+ Kh8 43. Rg5+ Kh7 44. Bf5# 1-0

[Event "Kragero Resort International 2022"]
[Site "Kragero"]
[Date "2022.02.24"]
[Round "4.25"]
[White "Nilsen, Tobias Lang"]
[Black "Westrum, Kim Roger Hansen"]
[Result "1/2-1/2"]
[ECO "C78"]
[WhiteElo "2293"]
[BlackElo "1967"]
[Annotator "NA RC"]
[PlyCount "106"]
[EventDate "2022.02.23"]
[EventType "swiss"]
[EventCountry "NOR"]
[SourceTitle "playchess.com"]
[Source "ChessBase"]
[SourceQuality "1"]
[TimeControl "5400+30"]

1. e4 e5 2. Nf3 Nc6 3. Bb5 a6 4. Ba4 Nf6 5. O-O Bc5 6. c3 b5 7. Bb3 d6 8. d4 Bb6 9. Be3 O-O 10. Nbd2 h6 11. h3 Re8 12. Qb1 Rb8 13. Re1 Nh7 14. Qd3 Qf6 15. a4 b4 16. Bc4 Ng5 17. Nxg5 hxg5 18. Nf3 g4 19. hxg4 Bxg4 20. Ng5 Rf8 21. d5 Bxe3 22. Qxe3 Ne7 23. Bxa6 Ng6 24. Nh3 Kh7 25. Qg5 Bxh3 26. Qh5+ Kg8 27. Qxh3 Nf4 28. Qf3 bxc3 29. Qxc3 g5 30. Bf1 Qh6 31. g3 Nh3+ 32. Bxh3 Qxh3 33. Qe3 f6 34. Ra2 Kg7 35. Qf3 Rh8 36. a5 Rb3 37. Qg2 Qg4 38. a6 Rh3 39. Ra3 Rxa3 40. bxa3 Rh8 41. f3 Qc8 42. Qf1 Qb8 43. Rb1 Qa7+ 44. Kg2 Qe3 45. Rb2 Qxa3 46. Rc2 Kg6 47. Qe2 Qa1 48. Qf1 Rh2+ 49. Kxh2 Qxf1 50. a7 Qa6 51. Rxc7 Qe2+ 52. Kh3 Qf1+ 53. Kg4 Qa6 1/2-1/2

[Event "Kragero Resort International 2022"]
[Site "Kragero"]
[Date "2022.02.24"]
[Round "4.26"]
[White "Unneland, Mathias"]
[Black "Verbin, Valentina"]
[Result "1-0"]
[ECO "E09"]
[WhiteElo "2262"]
[BlackElo "2046"]
[Annotator "NA RC"]
[PlyCount "105"]
[EventDate "2022.02.23"]
[EventType "swiss"]
[EventCountry "NOR"]
[SourceTitle "playchess.com"]
[Source "ChessBase"]
[SourceQuality "1"]
[TimeControl "5400+30"]

1. d4 Nf6 2. c4 e6 3. g3 d5 4. Nf3 Bb4+ 5. Bd2 Be7 6. Bg2 O-O 7. O-O Nbd7 8. Qc2 c6 9. Bf4 Nh5 10. Bc1 Nhf6 11. Nbd2 h6 12. Rd1 a5 13. e4 dxe4 14. Nxe4 c5 15. Nxf6+ Bxf6 16. dxc5 Qc7 17. Nd4 Bxd4 18. Rxd4 e5 19. Rh4 Nxc5 20. Bd5 Ra6 21. Be3 Rf6 22. Re1 Bf5 23. Qc3 Nd3 24. Rd1 g5 25. Rh5 Bg4 26. Bxg5 Nxf2 27. Bxf6 Bxh5 28. Rf1 Ng4 29. h3 Qc5+ 30. Kh1 Ne3 31. Qxe5 Bg6 32. Bxf7+ Rxf7 33. Qxc5 Nxf1 34. Qc8+ Rf8 35. Qe6+ Kh7 36. Qe7+ Rf7 37. Qd8 Be4+ 38. Kg1 Nxg3 39. Qd6 Nh5 40. Qe6 Bg6 41. Be5 Rf5 42. Qe7+ Bf7 43. Qxb7 Rg5+ 44. Kh2 Kg6 45. Qb6+ Kh7 46. Qc7 Kg6 47. Qd6+ Kf5 48. b3 Be6 49. c5 Nf6 50. Bf4 Rh5 51. Qe5+ Kg6 52. Qxe6 Rxc5 53. Be5 1-0

[Event "Kragero Resort International 2022"]
[Site "Kragero"]
[Date "2022.02.24"]
[Round "4.27"]
[White "Elmi, Saad Abobaker"]
[Black "Altarbosh, Ward"]
[Result "1/2-1/2"]
[ECO "C13"]
[WhiteElo "2044"]
[BlackElo "2221"]
[Annotator "NA RC"]
[PlyCount "128"]
[EventDate "2022.02.23"]
[EventType "swiss"]
[EventCountry "NOR"]
[SourceTitle "playchess.com"]
[Source "ChessBase"]
[SourceQuality "1"]
[TimeControl "5400+30"]

1. e4 e6 2. d4 d5 3. Nc3 Nf6 4. Bg5 dxe4 5. Nxe4 Be7 6. Bxf6 gxf6 7. Nf3 f5 8. Ng3 c5 9. Qd2 h5 10. O-O-O h4 11. Ne2 Nc6 12. d5 Qxd5 13. Qc3 Nd4 14. Nexd4 cxd4 15. Nxd4 Bf6 16. Bc4 Qe5 17. Rhe1 Qf4+ 18. Kb1 Bd7 19. g3 hxg3 20. fxg3 Qd6 21. Qe3 Qc5 22. Nb5 Qxe3 23. Rxe3 Bxb5 24. Bxb5+ Kf8 25. Re2 a6 26. Bc4 Rd8 27. Rxd8+ Bxd8 28. Kc1 Kg7 29. Kd2 Bg5+ 30. Ke1 f4 31. Kf1 fxg3 32. hxg3 b5 33. Bd3 Rh1+ 34. Kg2 Rc1 35. b3 Bf6 36. Re4 a5 37. b4 Ra1 38. bxa5 Rxa2 39. Rb4 Rxa5 40. Rxb5 Ra1 41. Kf3 Bd4 42. g4 Re1 43. Rb4 e5 44. Bf5 Kf6 45. Rb7 Re3+ 46. Kg2 e4 47. Rd7 Bc5 48. Rd5 Ba7 49. g5+ Kxg5 50. Bxe4+ Kf4 51. Bd3 Rg3+ 52. Kf1 Ke3 53. Re5+ Kd2 54. Re2+ Kd1 55. Re1+ Kd2 56. Re2+ Kc3 57. Re7 Bd4 58. Ke2 Rg2+ 59. Kf3 Rf2+ 60. Kg4 f6 61. Re2 Rf1 62. Kh3 Be5 63. Rxe5 fxe5 64. Bxf1 Kxc2 1/2-1/2

[Event "Kragero Resort International 2022"]
[Site "Kragero"]
[Date "2022.02.24"]
[Round "4.28"]
[White "Shehzad, Shazil"]
[Black "Manukyan, Hayk T."]
[Result "1/2-1/2"]
[ECO "B22"]
[WhiteElo "2182"]
[BlackElo "1905"]
[Annotator "RC"]
[PlyCount "154"]
[EventDate "2022.02.23"]
[EventType "swiss"]
[EventCountry "NOR"]
[SourceTitle "playchess.com"]
[Source "ChessBase"]
[SourceQuality "1"]
[TimeControl "5400+30"]

1. e4 c5 2. Nf3 g6 3. c3 d5 4. e5 Nc6 5. d4 cxd4 6. cxd4 Bg4 7. Bb5 Nh6 8. Nbd2 Bxf3 9. Bxc6+ bxc6 10. Nxf3 f6 11. O-O Bg7 12. exf6 exf6 13. Bf4 Nf5 14. Rc1 Qd7 15. Qa4 Rc8 16. Rc5 g5 17. Bc1 O-O 18. Nd2 Rf7 19. Nb3 Bf8 20. Rc3 Qe8 21. Qa6 Rfc7 22. Rf3 Qe6 23. Qd3 Nh4 24. Re3 Qg4 25. Rg3 Qe4 26. Qxe4 dxe4 27. Re1 Nf5 28. Rg4 Bb4 29. Re2 c5 30. dxc5 Rd7 31. Bd2 Bxd2 32. Rxd2 Rxd2 33. Nxd2 Rxc5 34. Rxe4 Rc2 35. Nf1 Rxb2 36. Ra4 Rb7 37. g3 Kf7 38. Nd2 Nd6 39. Ra6 Ke7 40. Nb3 Rc7 41. Nd4 Nc8 42. Nf5+ Kf7 43. a4 Kg6 44. Ne3 Ne7 45. Ng4 Nc6 46. Ne3 Ne7 47. Kg2 Kf7 48. Kf3 Kg6 49. Ng4 Nc6 50. Ne3 Ne7 51. Ke4 Kf7 52. f4 gxf4 53. Kxf4 Kg6 54. Ke4 Kf7 55. Kd4 Nc6+ 56. Ke4 Ne7 57. h4 Kg6 58. Ng2 Kf7 59. Nf4 Rc4+ 60. Kf3 Rc7 61. Kg4 Rd7 62. Nh5 Nd5 63. Kf5 Ne3+ 64. Ke4 Nd5 65. Kf3 Kg6 66. g4 Kf7 67. Ng3 Ne7 68. Ne4 Nd5 69. Rc6 Kg7 70. a5 Kf7 71. a6 Kg7 72. Rc8 Kf7 73. Rb8 Rc7 74. Rb7 Ke6 75. Ke2 Ke5 76. Kf3 f5 77. gxf5 Kxf5 1/2-1/2

[Event "Kragero Resort International 2022"]
[Site "Kragero"]
[Date "2022.02.25"]
[Round "5.1"]
[White "Seo, Jung Min"]
[Black "Van Foreest, Lucas"]
[Result "1/2-1/2"]
[ECO "D31"]
[WhiteElo "2466"]
[BlackElo "2563"]
[Annotator "ChessBase"]
[PlyCount "46"]
[EventDate "2022.02.23"]
[EventType "swiss"]
[EventCountry "NOR"]
[SourceTitle "playchess.com"]
[Source "ChessBase"]
[SourceQuality "1"]
[TimeControl "5400+30"]

1. d4 d5 2. c4 e6 3. Nf3 a6 4. cxd5 exd5 5. Nc3 c6 6. Bf4 Bd6 7. Bxd6 Qxd6 8. Qb3 Nf6 9. e3 Nbd7 10. Bd3 O-O 11. O-O Re8 12. Rfe1 h6 13. Qc2 Nf8 14. h3 Be6 15. Rab1 N8d7 16. a3 a5 17. Rec1 Rec8 18. Na4 b6 19. b4 axb4 20. axb4 Rc7 21. Nc3 Rcc8 22. Na4 Rc7 23. Nc3 Rcc8 1/2-1/2

[Event "Kragero Resort International 2022"]
[Site "Kragero"]
[Date "2022.02.25"]
[Round "5.1"]
[White "Engeset, Audun"]
[Black "Haug, Havard"]
[Result "1/2-1/2"]
[ECO "B52"]
[WhiteElo "1823"]
[BlackElo "1801"]
[Annotator "NA"]
[PlyCount "114"]
[EventDate "2022.02.23"]
[EventType "swiss"]
[EventCountry "NOR"]
[SourceTitle "playchess.com"]
[Source "ChessBase"]
[SourceQuality "1"]
[TimeControl "5400+30"]

1. e4 c5 2. Nf3 d6 3. Bb5+ Bd7 4. Bxd7+ Qxd7 5. c4 g6 6. d4 cxd4 7. Nxd4 Nf6 8. Nc3 Bg7 9. f3 Nc6 10. Be3 O-O 11. O-O e6 12. Qd2 Rfd8 13. Rfd1 a6 14. Qe2 Rac8 $11 15. Rac1 Nxd4 16. Bxd4 Qc6 17. b3 Nd7 18. Bxg7 Kxg7 19. Qb2 Nf6 20. Kh1 Qc5 21. a4 Qe5 22. Rc2 Rc6 23. Rcd2 h5 24. Ne2 Qxb2 25. Rxb2 Rd7 26. Rbd2 Kf8 27. e5 Ne8 28. Nd4 Rcc7 29. exd6 Rxd6 30. Ne2 Ke7 31. Rxd6 Nxd6 32. Kg1 b5 33. cxb5 axb5 34. a5 b4 35. Ra1 Nb5 36. a6 Na3 37. Nc1 Ra7 38. Nd3 Rxa6 39. Nxb4 Rb6 40. Rxa3 Rxb4 41. Kf2 f5 42. Ke2 Kf6 43. Kd3 Rb8 44. Kc3 Rc8+ 45. Kb2 Ke5 46. b4 Kd4 47. Rb3 e5 48. b5 Rb8 49. Ka3 e4 50. fxe4 fxe4 51. Kb2 Kc5 52. Kc3 Rxb5 53. Rxb5+ Kxb5 54. Kd4 Kc6 55. Kxe4 Kd6 56. Kf4 Ke6 57. Kg5 Kf7 1/2-1/2